 Dungeon Crawl Stone Soup version 0.23.1-37-gaa34b87 (webtiles) character file.

Game seed: 3713844684352050664

111 pjoxt the Vandal (level 4, -4/35 HPs)
             Began as a Centaur Arcane Marksman on Mar 23, 2019.
             Killed by nerve-wracking pain
             ... invoked by an orc priest
              (10 damage)
             ... on level 2 of the Dungeon.
             The game lasted 00:10:22 (3290 turns).

pjoxt the Vandal (Centaur Arcane Marksman)          Turns: 3290, Time: 00:10:22

Health: -4/35      AC:  7    Str: 17    XL:     4   Next: 62%
Magic:  4/5        EV:  5    Int: 12    God:
Gold:   28         SH:  0    Dex: 11    Spells: 2/5 levels left

rFire    + . .     SeeInvis .   a - +0 hunting sling
rCold    . . .     Gourm    .   (no shield)
rNeg     . . .     Faith    .   v - +0 chain mail
rPois    .         Spirit   .   (no helmet)
rElec    .         Reflect  .   (no cloak)
rCorr    .         Harm     .   (no gloves)
MR       .....                  (no barding)
Stlth    ..........             (no amulet)
HPRegen  0.11/turn              g - +5 ring of strength
MPRegen  0.09/turn              t - ring of protection from fire

@: very quick
A: large, hooves 3, deformed body, speed 2, tough skin 3
a: no special abilities


You were on level 2 of the Dungeon.
You were not hungry.

You visited 1 branch of the dungeon, and saw 3 of its levels.

You collected 28 gold pieces.

Inventory:

Hand Weapons
 a - a +0 hunting sling (weapon)
Missiles
 d - 16 sling bullets
 i - 104 stones (quivered)
Armour
 v - a +0 chain mail (worn)
Jewellery
 g - a +5 ring of strength (left hand)
 n - an uncursed ring of protection from magic
 r - an uncursed ring of protection from magic
 t - a ring of protection from fire (right hand)
Scrolls
 h - a scroll of random uselessness {unknown}
 j - a scroll of immolation {unknown}
 l - a scroll of magic mapping {unknown}
 o - a scroll of remove curse {unknown}
 p - 2 scrolls of amnesia {unknown}
 u - a scroll of identify
Potions
 b - 4 potions of curing
 c - a potion of heal wounds {unknown}
 k - 2 potions of haste
 q - a potion of resistance {unknown}
 s - a potion of magic {unknown}
Comestibles
 f - 4 rations
 m - 5 chunks of flesh


   Skills:
 - Level 1.0 Fighting
 * Level 4.6 Slings
 - Level 1.3 Dodging
 - Level 1.0 Spellcasting
 + Level 3.5 Hexes


You had 2 spell levels left.
You knew the following spells:

 Your Spells              Type           Power        Failure   Level  Hunger
a - Corona                Hex            #......      78%         1    ##.....
b - Slow                  Hex            #.......     89%         2    ###....

Your spell library contained the following spells:

 Spells                   Type           Power        Failure   Level  Hunger
 Inner Flame              Hex/Fire       #.......     100%        3    ####...
 Portal Projectile        Hex/Tloc       #.....       100%        3    ####...
 Cause Fear               Hex            #.........   100%        4    #####..
 Leda's Liquefaction      Hex/Erth       #.........   100%        4    #####..


Dungeon Overview and Level Annotations

Branches:
Dungeon (3/15)

Altars:


Innate Abilities, Weirdness & Mutations

You have hooves in place of feet.
Armour fits poorly on your strangely shaped body.
You cover ground very quickly.
You have extremely tough skin. (AC +3)


Message History

Aim: an orc priest, wielding a +0 whip (lightly wounded, softly glowing)
You shoot a stone. The stone hits the orc priest.
The orc priest is moderately wounded.
The orc priest hits you but does no damage.
Firing (i - inventory. (/) - cycle)
i - 106 stones (quivered)
Press: ? - help, Shift-Dir - straight line, f/p - orc priest
Aim: an orc priest, wielding a +0 whip (moderately wounded, softly glowing)
You shoot a stone. The stone barely misses the orc priest.
The orc priest invokes the aid of Beogh against you.
Beogh smites you!
* * * LOW HITPOINT WARNING * * *
Your magical contamination has completely faded away.
Firing (i - inventory. (/) - cycle)
i - 105 stones (quivered)
Press: ? - help, Shift-Dir - straight line, f/p - orc priest
Aim: an orc priest, wielding a +0 whip (moderately wounded, softly glowing)
You shoot a stone. The stone hits the orc priest.
The orc priest is severely wounded.
The orc priest invokes the aid of Beogh against you.
Pain shoots through your body!
You die...

#......#.# #..###
#.####...########### ###....#
#.####.##..........# #..))..#
#..........#.#.###.#####.###...
#....#.##......# #.>.#...#.#...
####<#.##.#.##.###.....###.###.
######.#......##.....#...#.....#.
)÷..÷.[.......###....#.###.###.##
.#####.......(<.@o..(#.....# #...
## ####.....###...##.###.###.##
#.....# ##.###)..#.....#. ###.###
#.# #.#.###.###. #.# #.#
#.#...#.#(.. #.######.#
#.##..###...
#........###.##.......#
########..............#
#.##############


You could see an orc priest.

Vanquished Creatures
  3 adders
  2 gnolls (D:2)
  2 worms
  A dart slug (D:1)
  2 leopard geckos
  4 orcs
  3 giant cockroaches
  6 goblins
  4 hobgoblins
  4 jackals (D:1)
  A quokka (D:3)
  A ball python (D:2)
  6 bats
  2 frilled lizards (D:2)
  6 kobolds
  6 rats
53 creatures vanquished.

Notes
Turn   | Place    | Note
-------+----------+-------------------------------------------
     0 | D:1      | pjoxt the Centaur Arcane Marksman began the quest for the
                  | Orb.
     0 | D:1      | Reached XP level 1. HP: 16/16 MP: 2/2
    34 | D:1      | Reached skill level 3 in Slings
    35 | D:1      | Reached XP level 2. HP: 9/23 MP: 3/3
  1036 | D:1      | Reached XP level 3. HP: 12/28 MP: 1/4
  1073 | D:1      | Learned a level 2 spell: Slow
  1242 | D:2      | Reached skill level 4 in Slings
  2103 | D:2      | Reached XP level 4. HP: 20/35 MP: 5/5
  3290 | D:2      | Killed from afar by an orc priest

Skill      XL: |  1  2  3 |
---------------+----------+-----
Slings         | 3 4 |  4.6
Hexes          | 3 |  3.5
Fighting       | |  1.0
Dodging        | |  1.3
Spellcasting   | |  1.0

Action                   |  1- 3 |  4- 6 || total
-------------------------+-------+-------++-------
 Fire: Hunting sling     |   157 |    63 ||   220
 Cast: Corona            |    12 |     5 ||    17
       Slow              |     4 |     7 ||    11
  Use: Scroll            |     2 |       ||     2
  Eat: Chunk             |     3 |     4 ||     7
Armor: Robe              |    30 |     6 ||    36
       Chain mail        |       |     4 ||     4
Dodge: Dodged            |    40 |    14 ||    54
